Map: Frozen Temple

Players

Neeblet (Neeb)

  • Race: Protoss Protoss

Dark - Winner!

  • Race: Zerg Zerg

Event: 2016 WCS Global Finals

VOD

https://www.youtube.com/watch?v=hBSZJiMa3z4

Description

Time

  • Played on: Nov. 4, 2016, 4:40 p.m.
  • Length: 9:36

All games in this series

Show
View Real Time Build Order
Export as new Build Order

Neeblet Protoss 

Build Orders: 1 Gate Expand, Mass Adepts, Zealot Archon 

Get SALT Encoding   

  12  0:00  Probe (Chrono Boost)  
  13  0:11  Probe (Chrono Boost)  
  14  0:17  Pylon  
  14  0:22  Probe (Chrono Boost)  
  16  0:35  Probe (Chrono Boost)  
  16  0:38  Gateway  
  16  0:46  Probe (Chrono Boost)  
  16  0:47  Assimilator  
  17  0:56  Probe (Chrono Boost)  
  18  1:07  Probe (Chrono Boost)  
  19  1:22  Nexus  
  19  1:24  Probe (Chrono Boost)  
  20  1:33  Cybernetics Core  
  20  1:36  Probe (Chrono Boost)  
  21  1:44  Assimilator  
  22  1:47  Probe (Chrono Boost)  
  22  1:51  Pylon  
  22  1:57  Probe (Chrono Boost)  
  23  2:06  Adept  
  23  2:07  Warp Gate  
  23  2:10  Probe (Chrono Boost)  
  27  2:22  Probe (Chrono Boost), Twilight Council  
  27  2:29  Adept  
  27  2:35  Probe x2 (Chrono Boost)  
  31  2:43  Pylon  
  31  2:45  Probe (Chrono Boost)  
  31  2:47  Probe (Chrono Boost)  
  31  2:50  Resonating Glaives  
  33  2:54  Adept  
  33  2:56  Probe (Chrono Boost)  
  36  3:06  Gateway  
  36  3:07  Gateway  
  38  3:13  Mothership Core (Chrono Boost)  
  38  3:16  Probe (Chrono Boost)  
  39  3:24  Pylon  
  40  3:28  Probe (Chrono Boost)  
  40  3:31  Probe (Chrono Boost)  
  40  3:32  Robotics Facility  
  39  3:40  Probe (Chrono Boost)  
  40  3:43  Probe (Chrono Boost)  
  41  3:50  Pylon  
  41  3:52  Probe (Chrono Boost)  
  43  3:55  Probe (Chrono Boost)  
  43  4:04  Probe (Chrono Boost)  
  43  4:05  Pylon  
  43  4:07  Probe (Chrono Boost)  
  43  4:09  Adept x3  
  51  4:14  Immortal  
  50  4:22  Pylon  
  53  4:25  Cybernetics Core  
  53  4:31  Adept x3  
  34  4:47  Pylon  
  34  4:51  Adept  
  34  4:52  Adept  
  32  5:14  Adept  
  28  5:15  Adept  
  30  5:23  Pylon  
  30  5:26  Gateway  
  30  5:35  Adept x2  
  34  5:53  Dark Shrine  
  34  5:57  Adept x2  
  38  6:22  Nexus  
  38  6:23  Sentry x2  
  42  6:27  Probe (Chrono Boost)  
  43  6:37  Probe (Chrono Boost)  
  34  6:48  Probe (Chrono Boost)  
  33  6:54  Adept x2  
  33  6:55  Adept  
  33  6:58  Probe (Chrono Boost)  
  40  7:06  Pylon  
  40  7:09  Probe (Chrono Boost)  
  41  7:20  Dark Templar, Probe (Chrono Boost)  
  41  7:21  Dark Templar  
  46  7:25  Archon  
  46  7:28  Dark Templar  
  48  7:32  Probe (Chrono Boost)  
  48  7:34  Probe (Chrono Boost)  
  50  7:42  Probe (Chrono Boost)  
  51  7:44  Probe (Chrono Boost)  
  52  7:53  Adept, Dark Templar, Probe (Chrono Boost)  
  52  7:55  Probe (Chrono Boost)  
  52  7:57  Archon  
  58  8:00  Adept  
  58  8:03  Probe (Chrono Boost)  
  62  8:05  Probe (Chrono Boost)  
  62  8:07  Gateway  
  62  8:14  Probe (Chrono Boost)  
  62  8:16  Probe (Chrono Boost)  
  64  8:20  Gateway  
  64  8:21  Adept  
  64  8:25  Probe (Chrono Boost)  
  67  8:29  Probe (Chrono Boost)  
  66  8:35  Probe (Chrono Boost)  
  66  8:38  Assimilator  
  66  8:39  Assimilator  
  66  8:40  Forge, Probe (Chrono Boost)  
  66  8:54  Probe (Chrono Boost)  
  63  8:58  Nexus  
  63  9:00  Probe (Chrono Boost)  
  64  9:07  Robotics Facility  
  64  9:12  Pylon, Probe (Chrono Boost)  
  64  9:15  Probe (Chrono Boost)  
  66  9:29  Adept x2  
Show
View Real Time Build Order
Export as new Build Order

Dark Zerg - Winner!

Build Orders: Pool First 

Get SALT Encoding   

  12  0:00  Drone  
  13  0:14  Overlord  
  13  0:17  Drone  
  14  0:32  Drone x2  
  16  0:37  Drone  
  17  0:47  Drone, Extractor  
  17  0:52  Spawning Pool  
  16  0:57  Drone  
  17  1:08  Drone  
  18  1:27  Drone  
  18  1:31  Hatchery  
  18  1:34  Drone  
  18  1:38  Queen  
  21  1:41  Zergling x2  
  22  1:50  Metabolic Boost  
  22  2:02  Overlord  
  22  2:22  Drone x2, Hatchery  
  23  2:32  Roach Warren  
  22  2:38  Zergling x4  
  24  2:50  Overlord  
  24  2:58  Drone  
  25  3:11  Roach x4  
  25  3:12  Roach  
  35  3:17  Roach  
  37  3:21  Roach  
  39  3:28  Roach  
  39  3:30  Roach  
  42  3:35  Roach  
  42  3:40  Overlord  
  44  3:45  Zergling x2  
  44  3:47  Zergling x2  
  46  3:50  Zergling x2  
  46  3:53  Zergling x2  
  48  3:56  Zergling x2  
  48  4:02  Zergling x4  
  51  4:05  Zergling x2  
  52  4:13  Ravager  
  52  4:14  Zergling x4  
  52  4:16  Zergling x2  
  56  4:19  Ravager  
  56  4:22  Zergling x2  
  54  4:42  Zergling x2  
  54  4:43  Zergling x4  
  49  4:48  Zergling x2  
  49  4:52  Ravager  
  50  4:53  Zergling x2  
  47  5:01  Zergling x16  
  47  5:04  Zergling x2  
  49  5:13  Ravager  
  49  5:15  Zergling x2  
  49  5:18  Zergling x2  
  51  5:23  Drone x3  
  51  5:26  Drone  
  53  5:32  Drone  
  53  5:34  Drone  
  55  5:37  Drone  
  55  5:45  Drone  
  50  5:50  Drone x2  
  50  5:55  Drone x2  
  53  6:02  Spore Crawler  
  52  6:05  Spore Crawler, Overlord  
  52  6:07  Roach x2  
  52  6:11  Roach  
  57  6:19  Overlord  
  57  6:25  Drone x3, Ravager  
  59  6:26  Drone x2  
  59  6:27  Drone  
  59  6:29  Drone  
  65  6:36  Drone x2  
  65  6:37  Drone  
  65  6:38  Drone  
  65  6:39  Drone  
  65  6:42  Drone  
  64  6:47  Drone  
  64  6:48  Drone  
  64  6:53  Overlord  
  66  6:55  Lair  
  66  6:59  Spore Crawler  
  66  7:01  Overlord  
  65  7:04  Overlord  
  64  7:13  Drone  
  65  7:18  Queen  
  65  7:19  Queen  
  65  7:20  Drone x4  
  73  7:23  Drone x2  
  73  7:24  Drone x2  
  77  7:31  Drone x2  
  77  7:32  Drone  
  77  7:36  Drone  
  81  7:37  Evolution Chamber  
  81  7:40  Drone  
  81  7:45  Extractor  
  81  7:46  Drone  
  81  7:47  Extractor  
  81  7:48  Extractor  
  81  7:49  Drone  
  80  7:52  Overseer x2  
  80  7:53  Overlord x2  
  80  8:07  Overlord  
  80  8:08  Overlord x2  
  80  8:09  Drone  
  80  8:12  Roach x4  
  89  8:14  Overlord  
  89  8:15  Roach x2  
  92  8:24  Roach  
  93  8:30  Hatchery  
  93  8:32  Roach x4  
  98  8:36  Overlord  
  98  8:37  Roach x4  
  107  8:41  Zergling x8  
  107  8:42  Zergling x2  
  109  8:52  Roach x3  
  116  9:02  Zergling x2  
  116  9:03  Zergling x4  
  119  9:10  Zergling x12  
  119  9:11  Zergling x6  
  119  9:13  Ravager x3  
  119  9:15  Zergling x6  
Tags
 
Add a new tag
Caveats
  • Supply blocks, unpowered buildings, or Contaminate may cause inaccurate times.
  • Supply counts are checked every 10 seconds.